TOP OF THE 1ST |
Philadelphia Phillies batting - Pitching for Milwaukee Brewers : RHP J.D. Ingerman
|
Pitching: RHP J.D. Ingerman
|
|
Batting: RHB Luis Saez
|
0-0: Swinging Strike 0-1: Ball 1-1: Foul Ball, location: 7LSF 1-2: Foul Ball, location: 3F 1-2: Ball 2-2: Ball 3-2: Strikes out swinging
|
Batting: RHB Quincy Herbert
|
0-0: SINGLE (Line Drive, 9LM, EV 110.0 MPH)
|
Batting: RHB Craig Dolan
|
0-0: Ball 1-0: Foul Ball, location: 2F 1-1: SINGLE (Line Drive, 89S, EV 87.5 MPH) Quincy Herbert to second
|
Batting: LHB Mike Lewis
|
0-0: Called Strike 0-1: Ball 1-1: Fly out, F4 (Popup, 34D, EV 42.5 MPH)
|
Batting: RHB Fred Martin
|
0-0: Ball 1-0: Foul Ball, location: 5F 1-1: Called Strike 1-2: Ball 2-2: Fielders Choice at 2nd, 6-4 (Groundball, 6, EV 86.3 MPH)
|
Top of the 1st over - 0 runs, 2 hits, 0 errors, 2 left on base; Philadelphia 0 - Milwaukee 0 |
BOTTOM OF THE 1ST |
Milwaukee Brewers batting - Pitching for Philadelphia Phillies : RHP Chris Wilhelm
|
Pitching: RHP Chris Wilhelm
|
|
Batting: RHB Steve Selmon
|
0-0: Reached on error, E5 (Line Drive, 5D, EV 75.0 MPH)
|
Batting: LHB Steve Tocci
|
0-0: Ball 1-0: Ball 2-0: Called Strike 2-1: Foul Ball, location: 9LMF 2-2: Foul Ball, location: 9LSF 2-2: Foul Ball, location: 5DF 2-2: Ball 3-2: Foul Ball, location: 23FF 3-2: Foul Ball, location: 3FF 3-2: Foul Ball, location: 2RF 3-2: Fly out, F8 (Flyball, 8RS, EV 87.5 MPH)
|
Batting: RHB Eric Cobb
|
0-0: Ball 1-0: Ball 2-0: 2-RUN HOME RUN (Flyball, 89XD, EV 105.0 MPH), Distance : 390 ft
|
Batting: RHB Ramon Carrion
|
0-0: Foul Ball, location: 23FF 0-1: Called Strike 0-2: Ball 1-2: SINGLE (Line Drive, 8RS, EV 105.6 MPH)
|
Batting: LHB Nathan Risner
|
0-0: Ball 1-0: Fielders Choice at 2nd, 4-6 (Groundball, 4, EV 93.1 MPH)
|
Batting: RHB Mel Garcia
|
0-0: Ball 1-0: Ball 2-0: Foul Ball, location: 5FF 2-1: Ball 3-1: Called Strike 3-2: Foul Ball, location: 3SF 3-2: Base on Balls Nathan Risner to second
|
Batting: RHB Bobby Sells
|
0-0: Ball 1-0: Foul Ball, location: 9LDF 1-1: Ground out 5-3 (Groundball, 56S, EV 63.8 MPH)
|
Bottom of the 1st over - 2 runs, 2 hits, 1 error, 2 left on base; Philadelphia 0 - Milwaukee 2 |
TOP OF THE 2ND |
Philadelphia Phillies batting - Pitching for Milwaukee Brewers : RHP J.D. Ingerman
|
Batting: LHB Kevin Myrick
|
0-0: Fly out, F6 (Popup, P, EV 76.9 MPH)
|
Batting: LHB Matt Menendez
|
0-0: Swinging Strike 0-1: Ball 1-1: Ground out 4-3 (Groundball, 4, EV 105.6 MPH)
|
Batting: RHB Alberto Lopez
|
0-0: Ball 1-0: Swinging Strike 1-1: Ball 2-1: Called Strike 2-2: Strikes out looking
|
Top of the 2nd over - 0 runs, 0 hits, 0 errors, 0 left on base; Philadelphia 0 - Milwaukee 2 |
BOTTOM OF THE 2ND |
Milwaukee Brewers batting - Pitching for Philadelphia Phillies : RHP Chris Wilhelm
|
Batting: RHB Jeff Lindsey
|
0-0: Called Strike 0-1: Ball 1-1: SINGLE (Groundball, 6MD, EV 98.1 MPH)
|
Batting: RHB Chris Boley
|
0-0: Called Strike 0-1: Grounds into double play, 1-4-3 (Groundball, 15S, EV 68.1 MPH)
|
Batting: RHB Steve Selmon
|
0-0: Ball 1-0: Called Strike 1-1: Swinging Strike 1-2: Strikes out swinging
|
Bottom of the 2nd over - 0 runs, 1 hit, 0 errors, 0 left on base; Philadelphia 0 - Milwaukee 2 |
TOP OF THE 3RD |
Philadelphia Phillies batting - Pitching for Milwaukee Brewers : RHP J.D. Ingerman
|
Batting: RHB Rey Torres
|
0-0: Called Strike 0-1: Ball 1-1: Called Strike 1-2: Ball 2-2: Fly out, F8 (Flyball, 8RD, EV 99.4 MPH)
|
Batting: RHB Luis Saez
|
0-0: Called Strike 0-1: Ball 1-1: Swinging Strike 1-2: Ball 2-2: Strikes out swinging
|
Batting: RHB Quincy Herbert
|
0-0: Swinging Strike 0-1: Ball 1-1: Fly out, F3 (Popup, 3SF, EV 70.6 MPH)
|
Top of the 3rd over - 0 runs, 0 hits, 0 errors, 0 left on base; Philadelphia 0 - Milwaukee 2 |
BOTTOM OF THE 3RD |
Milwaukee Brewers batting - Pitching for Philadelphia Phillies : RHP Chris Wilhelm
|
Batting: LHB Steve Tocci
|
0-0: Ball 1-0: Called Strike 1-1: Swinging Strike 1-2: Ball 2-2: Ground out U3 (Groundball, 3, EV 86.9 MPH)
|
Batting: RHB Eric Cobb
|
0-0: Ball 1-0: Called Strike 1-1: Ball 2-1: Fly out, F4 (Popup, 4S, EV 72.5 MPH)
|
Batting: RHB Ramon Carrion
|
0-0: Ball 1-0: Ball 2-0: Ball 3-0: Called Strike 3-1: Base on Balls
|
Batting: LHB Nathan Risner
|
0-0: Fielders Choice at 2nd, 6-4 (Groundball, 6, EV 76.3 MPH)
|
Bottom of the 3rd over - 0 runs, 0 hits, 0 errors, 1 left on base; Philadelphia 0 - Milwaukee 2 |
TOP OF THE 4TH |
Philadelphia Phillies batting - Pitching for Milwaukee Brewers : RHP J.D. Ingerman
|
Batting: RHB Craig Dolan
|
0-0: DOUBLE (Flyball, 89D, EV 105.0 MPH)
|
Batting: LHB Mike Lewis
|
0-0: SINGLE (Line Drive, 9S, EV 105.6 MPH) Craig Dolan to third
|
Batting: RHB Fred Martin
|
0-0: Called Strike 0-1: Ball 1-1: Swinging Strike 1-2: Strikes out looking
|
Batting: LHB Kevin Myrick
|
0-0: Fly out, F9 (Flyball, S6, EV 94.4 MPH) Runner from 3rd tags up, SCORES, no throw by RF
|
Batting: LHB Matt Menendez
|
0-0: Ball 1-0: Swinging Strike 1-1: Fly out, F3 (Popup, 3SF, EV 66.3 MPH)
|
Top of the 4th over - 1 run, 2 hits, 0 errors, 1 left on base; Philadelphia 1 - Milwaukee 2 |
BOTTOM OF THE 4TH |
Milwaukee Brewers batting - Pitching for Philadelphia Phillies : RHP Chris Wilhelm
|
Batting: RHB Mel Garcia
|
0-0: Called Strike 0-1: Called Strike 0-2: Strikes out swinging
|
Batting: RHB Bobby Sells
|
0-0: Ball 1-0: Fly out, F4 (Popup, 4S, EV 85.0 MPH)
|
Batting: RHB Jeff Lindsey
|
0-0: Ball 1-0: Fly out, F2 (Popup, 3SF, EV 75.0 MPH)
|
Bottom of the 4th over - 0 runs, 0 hits, 0 errors, 0 left on base; Philadelphia 1 - Milwaukee 2 |
TOP OF THE 5TH |
Philadelphia Phillies batting - Pitching for Milwaukee Brewers : RHP J.D. Ingerman
|
Batting: RHB Alberto Lopez
|
0-0: Ball 1-0: Called Strike 1-1: Called Strike 1-2: Foul Ball, location: 3SF 1-2: Ball 2-2: Foul Ball, location: 9LDF 2-2: Foul Ball, location: 2F 2-2: Ball 3-2: Foul Ball, location: 9LDF 3-2: Base on Balls
|
Batting: RHB Rey Torres
|
0-0: Called Strike 0-1: Sac Bunt to 5S - play at first, batter OUT! 5-3 Alberto Lopez to second
|
Batting: RHB Luis Saez
|
0-0: Ball 1-0: SINGLE (Groundball, 34, EV 108.8 MPH) (infield hit) Alberto Lopez to third
|
Batting: RHB Quincy Herbert
|
0-0: Hit by Pitch Luis Saez to second
|
Batting: RHB Craig Dolan
|
0-0: Swinging Strike 0-1: Called Strike 0-2: Ball 1-2: Foul Ball, location: 2F 1-2: SINGLE (Line Drive, 78S, EV 89.4 MPH) Alberto Lopez scores Luis Saez to third Quincy Herbert to second Runner from 3rd tries for Home, SAFE, throw by CF to home
|
Batting: LHB Mike Lewis
|
0-0: Swinging Strike 0-1: Ball 1-1: Ball 2-1: Ball 3-1: Foul Ball, location: 2F 3-2: Fly out, F7 (Line Drive, 7S, EV 85.6 MPH)
|
Batting: RHB Fred Martin
|
0-0: Fly out, F7 (Line Drive, 7S, EV 95.0 MPH)
|
Top of the 5th over - 2 runs, 2 hits, 0 errors, 2 left on base; Philadelphia 3 - Milwaukee 2 |
BOTTOM OF THE 5TH |
Milwaukee Brewers batting - Pitching for Philadelphia Phillies : RHP Chris Wilhelm
|
Batting: RHB Chris Boley
|
0-0: Fly out, F7 (Flyball, 7D, EV 103.1 MPH)
|
Batting: RHB Steve Selmon
|
0-0: Ball 1-0: Ball 2-0: Foul Ball, location: 9LMF 2-1: Swinging Strike 2-2: Strikes out swinging
|
Batting: LHB Steve Tocci
|
0-0: Called Strike 0-1: TRIPLE (Line Drive, 89XD, EV 110.6 MPH)
|
Batting: RHB Eric Cobb
|
0-0: Fly out, F3 (Popup, 3SF, EV 76.3 MPH)
|
Bottom of the 5th over - 0 runs, 1 hit, 0 errors, 1 left on base; Philadelphia 3 - Milwaukee 2 |
TOP OF THE 6TH |
Philadelphia Phillies batting - Pitching for Milwaukee Brewers : RHP J.D. Ingerman
|
Batting: LHB Kevin Myrick
|
0-0: Ball 1-0: Ball 2-0: Ball 3-0: Called Strike 3-1: Called Strike 3-2: Base on Balls
|
Batting: LHB Matt Menendez
|
0-0: Ball 1-0: Ball 2-0: Fly out, F8 (Flyball, 8LS, EV 92.5 MPH)
|
Pitching: RHP John Mork
|
|
Batting: RHB Alberto Lopez
|
0-0: Ball Kevin Myrick steals 2nd base 1-0: Called Strike 1-1: Foul Ball, location: 3DF 1-2: Ball 2-2: Ball 3-2: 2-RUN HOME RUN (Flyball, 7D, EV 96.9 MPH), Distance : 387 ft
|
Batting: RHB Rey Torres
|
0-0: Ball 1-0: DOUBLE (Groundball, 5L, EV 103.8 MPH)
|
Batting: RHB Luis Saez
|
0-0: Ball 1-0: Fly out, F8 (Flyball, 8LD, EV 95.0 MPH) Runner from 2nd tags up, SAFE at 3rd, no throw by CF
|
Batting: RHB Quincy Herbert
|
0-0: Called Strike 0-1: Swinging Strike 0-2: Strikes out swinging
|
Top of the 6th over - 2 runs, 2 hits, 0 errors, 1 left on base; Philadelphia 5 - Milwaukee 2 |
BOTTOM OF THE 6TH |
Milwaukee Brewers batting - Pitching for Philadelphia Phillies : RHP Chris Wilhelm
|
Pitching: RHP Victor Flores
|
|
Batting: RHB Ramon Carrion
|
0-0: Ball 1-0: Swinging Strike 1-1: Ball 2-1: Ball 3-1: Fly out, F8 (Flyball, 8LS, EV 88.1 MPH)
|
Batting: LHB Nathan Risner
|
0-0: Ball 1-0: Ball 2-0: Foul Ball, location: 3SF 2-1: Foul Ball, location: 3FF 2-2: Strikes out swinging
|
Batting: RHB Mel Garcia
|
0-0: Ball 1-0: Foul Ball, location: 9LSF 1-1: Called Strike 1-2: Strikes out swinging
|
Bottom of the 6th over - 0 runs, 0 hits, 0 errors, 0 left on base; Philadelphia 5 - Milwaukee 2 |
TOP OF THE 7TH |
Philadelphia Phillies batting - Pitching for Milwaukee Brewers : RHP John Mork
|
Batting: RHB Craig Dolan
|
0-0: Ball 1-0: Called Strike 1-1: Foul Ball, location: 2F 1-2: Ball 2-2: Strikes out swinging
|
Batting: LHB Mike Lewis
|
0-0: Called Strike 0-1: Swinging Strike 0-2: Strikes out looking
|
Batting: RHB Fred Martin
|
0-0: Called Strike 0-1: Swinging Strike 0-2: Strikes out looking
|
Top of the 7th over - 0 runs, 0 hits, 0 errors, 0 left on base; Philadelphia 5 - Milwaukee 2 |
BOTTOM OF THE 7TH |
Milwaukee Brewers batting - Pitching for Philadelphia Phillies : RHP Victor Flores
|
Batting: RHB Bobby Sells
|
0-0: Called Strike 0-1: Called Strike 0-2: Ball 1-2: Ball 2-2: Foul Ball, location: 9LSF 2-2: Ball 3-2: SINGLE (Groundball, 34D, EV 100.0 MPH)
|
Batting: RHB Jeff Lindsey
|
0-0: Ball 1-0: Foul Ball, location: 2F 1-1: Ball 2-1: Swinging Strike 2-2: Foul Ball, location: 5F 2-2: Fly out, F3 (Popup, 23F, EV 85.6 MPH)
|
Pitching: RHP David Padron
|
|
Batting: RHB Chris Boley
|
0-0: Foul Ball, location: 2F 0-1: Ball 1-1: Ball 2-1: Fly out, F4 (Line Drive, 4, EV 72.5 MPH)
|
Batting: RHB Steve Selmon
|
0-0: Ball 1-0: Ball 2-0: Ball 3-0: Base on Balls Bobby Sells to second
|
Batting: LHB Steve Tocci
|
0-0: Called Strike 0-1: Ball 1-1: Ground out 4-3 (Groundball, 4, EV 83.1 MPH)
|
Bottom of the 7th over - 0 runs, 1 hit, 0 errors, 2 left on base; Philadelphia 5 - Milwaukee 2 |
TOP OF THE 8TH |
Philadelphia Phillies batting - Pitching for Milwaukee Brewers : RHP John Mork
|
Batting: LHB Kevin Myrick
|
0-0: Called Strike 0-1: Called Strike 0-2: Ball 1-2: Ball 2-2: Foul Ball, location: 2LF 2-2: Foul Ball, location: 2F 2-2: Strikes out swinging
|
Batting: LHB Matt Menendez
|
0-0: Swinging Strike 0-1: Ball 1-1: Ball 2-1: SINGLE (Groundball, 34D, EV 94.4 MPH)
|
Batting: RHB Alberto Lopez
|
0-0: Ball 1-0: Ball 2-0: Foul Ball, location: 2F 2-1: Ball 3-1: Base on Balls Matt Menendez to second
|
Batting: RHB Rey Torres
|
0-0: Ball 1-0: Ball 2-0: Called Strike 2-1: Fielders Choice at 2nd, 4-6 (Groundball, 34, EV 95.0 MPH) Matt Menendez to third
|
Pitching: RHP Justin McClendon
|
|
Batting: RHB Luis Saez
|
0-0: Ball 1-0: Ball 2-0: Foul Ball, location: 5DF 2-1: Called Strike 2-2: Foul Ball, location: 5FF 2-2: Fly out, F7 (Line Drive, 7, EV 92.5 MPH)
|
Top of the 8th over - 0 runs, 1 hit, 0 errors, 2 left on base; Philadelphia 5 - Milwaukee 2 |
BOTTOM OF THE 8TH |
Milwaukee Brewers batting - Pitching for Philadelphia Phillies : RHP David Padron
|
Batting: RHB Eric Cobb
|
0-0: Called Strike 0-1: Called Strike 0-2: Fly out, F8 (Flyball, 8RM, EV 92.5 MPH)
|
Batting: RHB Ramon Carrion
|
0-0: Ball 1-0: Fly out, F9 (Flyball, 9, EV 98.1 MPH)
|
Batting: LHB Nathan Risner
|
0-0: Ground out 5-3 (Groundball, 5, EV 81.9 MPH)
|
Bottom of the 8th over - 0 runs, 0 hits, 0 errors, 0 left on base; Philadelphia 5 - Milwaukee 2 |
TOP OF THE 9TH |
Philadelphia Phillies batting - Pitching for Milwaukee Brewers : RHP Justin McClendon
|
Batting: RHB Quincy Herbert
|
0-0: Called Strike 0-1: Ball 1-1: Ball 2-1: Foul Ball, location: 9LSF 2-2: Foul Ball, location: 3FF 2-2: Fly out, F4 (Popup, 3DF, EV 70.0 MPH)
|
Batting: RHB Craig Dolan
|
0-0: Ball 1-0: Foul Ball, location: 2F 1-1: Ball 2-1: Fly out, F8 (Flyball, 8LD, EV 95.0 MPH)
|
Batting: LHB Mike Lewis
|
0-0: Swinging Strike 0-1: Called Strike 0-2: Foul Ball, location: 5FF 0-2: Foul Ball, location: 23FF 0-2: Strikes out swinging
|
Top of the 9th over - 0 runs, 0 hits, 0 errors, 0 left on base; Philadelphia 5 - Milwaukee 2 |
BOTTOM OF THE 9TH |
Milwaukee Brewers batting - Pitching for Philadelphia Phillies : RHP David Padron
|
Pitching: RHP John Speer
|
|
Batting: RHB Mel Garcia
|
0-0: Foul Ball, location: 2LF 0-1: Called Strike 0-2: Ball 1-2: Ball 2-2: Ball 3-2: Ground out 6-3 (Groundball, 6, EV 100.6 MPH)
|
Pinch Hitting: LHB Justin Miguel
|
0-0: Swinging Strike 0-1: Ball 1-1: Ball 2-1: Ball 3-1: Base on Balls
|
Batting: RHB Jeff Lindsey
|
0-0: Ball 1-0: Called Strike 1-1: Swinging Strike 1-2: Strikes out swinging
|
Pinch Hitting: RHB Jose Reyes
|
0-0: Ball 1-0: Foul Ball, location: 2F 1-1: Called Strike 1-2: Ball 2-2: SINGLE (Groundball, 6, EV 86.9 MPH) Justin Miguel to second
|
Batting: RHB Steve Selmon
|
0-0: Ball 1-0: Ball 2-0: Fly out, F8 (Flyball, 78XD, EV 90.6 MPH)
|
Bottom of the 9th over - 0 runs, 1 hit, 0 errors, 2 left on base; Philadelphia 5 - Milwaukee 2 |
|